[Event "ICCopen2017"]
[Site "Internet Chess Club"]
[Date "2017.03.25"]
[Round "9"]
[White "JCT2000"]
[Black "kamalchandran"]
[Result "1-0"]
[ICCResult "Black checkmated"]
[WhiteElo "1912"]
[BlackElo "1788"]
[Opening "Scotch: Potter variation"]
[ECO "C45"]
[NIC "SO.05"]
[Time "15:45:55"]
[TimeControl "180+0"]

1. e4 e5 2. Nf3 Nc6 3. d4 exd4 4. Nxd4 Bc5 5. Nb3 Bb6 6. Nc3 d6 7. Qe2 h6 8.
Be3 Nf6 9. f3 O-O 10. O-O-O Be6 11. g4 a5 12. a4 Bxb3 13. cxb3 Bxe3+ 14.
Qxe3 Nd7 15. h4 Nc5 16. Bc4 Ne5 17. Kb1 Qf6 18. Rdf1 c6 19. g5 hxg5 20. hxg5
Qg6 21. f4 Nxc4 22. bxc4 f5 23. exf5 Qxf5+ 24. Ka2 Qc2 25. g6 Nd3 26. Rh8+
Kxh8 27. Qh3+ Kg8 28. Qh7# {Black checkmated} 1-0

[Event "ICCopen2017"]
[Site "Internet Chess Club"]
[Date "2017.03.25"]
[Round "9"]
[White "ehkopean"]
[Black "uggi"]
[Result "0-1"]
[ICCResult "White resigns"]
[WhiteElo "1754"]
[BlackElo "1920"]
[Opening "English opening"]
[ECO "E61"]
[NIC "EO.64"]
[Time "15:44:30"]
[TimeControl "180+0"]

1. c4 Nf6 2. Nc3 g6 3. Nf3 Bg7 4. d4 O-O 5. e3 d6 6. h3 Nbd7 7. Be2 e5 8.
dxe5 dxe5 9. O-O c6 10. b3 Qe7 11. Bb2 a5 12. e4 Nc5 13. Bd3 Nfd7 14. Qc2
Ne6 15. Ne2 Rd8 16. Bc3 c5 17. Bb2 Nd4 18. Nfxd4 cxd4 19. f4 exf4 20. Nxf4
Ne5 21. Nd5 Qd6 22. Bc1 Be6 23. Bf4 Bxd5 24. exd5 b6 25. Rae1 Re8 26. Be4
Re7 27. Bf3 Rae8 28. Re4 f5 29. Bxe5 Bxe5 30. Ree1 Qf6 31. Qd2 Bf4 32. Qxf4
Rxe1 33. Rxe1 Rxe1+ 34. Kf2 Qe5 35. Qg5 d3 36. Qd8+ Kg7 37. d6 Qd4+ 38. Kg3
Qe5+ 39. Kf2 Qe3+ 40. Kg3 f4+ 41. Kg4 Qe6+ 42. Kxf4 Qe5+ 43. Kg4 h5+ 44. Kh4
Qf4+ 45. g4 Qxf3 46. Qd7+ Qf7 47. Qxf7+ Kxf7 48. d7 Ke7 49. gxh5 d2
{White resigns}
0-1

[Event "ICCopen2017"]
[Site "Internet Chess Club"]
[Date "2017.03.25"]
[Round "9"]
[White "herbyeddy"]
[Black "alexander77"]
[Result "0-1"]
[ICCResult "White resigns"]
[WhiteElo "1513"]
[BlackElo "1753"]
[Opening "Sicilian defense"]
[ECO "B40"]
[NIC "SI.43"]
[Time "15:45:36"]
[TimeControl "180+0"]

1. e4 c5 2. Nf3 e6 3. g3 Nc6 4. Bg2 d5 5. exd5 exd5 6. O-O Bd6 7. d4 Nge7 8.
dxc5 Bxc5 9. Nbd2 O-O 10. Nb3 Bb6 11. Re1 Bg4 12. Be3 d4 13. Bg5 f6 14. Bf4
Nd5 15. Bd2 Qd6 16. h3 Bxf3 17. Qxf3 Rad8 18. a3 Ne5 19. Qxd5+ Qxd5 20.
Bxd5+ Rxd5 21. Kg2 Rfd8 22. Bf4 Nc4 23. Rab1 d3 24. cxd3 Rxd3 25. Nc1 Rd1
26. Kf1 Nd2+ 27. Bxd2 R1xd2 28. Nb3 Rxf2+ 29. Kg1 Rf3+ {White resigns} 0-1

[Event "ICCopen2017"]
[Site "Internet Chess Club"]
[Date "2017.03.25"]
[Round "9"]
[White "fishmaster"]
[Black "Step2Me"]
[Result "1-0"]
[ICCResult "Black resigns"]
[WhiteElo "1741"]
[BlackElo "1397"]
[Opening "two knights: Max Lange attack, Steinitz variation"]
[ECO "C55"]
[NIC "KP.02"]
[Time "15:45:46"]
[TimeControl "180+0"]

1. e4 e5 2. Nf3 Nc6 3. d4 exd4 4. Bc4 Nf6 5. e5 Ng4 6. O-O Bc5 7. h3 Ngxe5
8. Nxe5 Nxe5 9. Re1 d5 10. Rxe5+ Kf8 11. Rxd5 Qe7 12. Qf3 Be6 13. Re5 Kg8
14. Bxe6 fxe6 15. Qg4 Rf8 16. Qxe6+ Qxe6 17. Rxe6 d3 18. Be3 dxc2 19. Nc3
Bd6 20. Rc1 Kf7 21. Re4 g6 22. Rxc2 Kg7 23. Bd4+ Kh6 24. Bxh8 Kg5 25. Rg4+
{Black resigns}
1-0

[Event "ICCopen2017"]
[Site "Internet Chess Club"]
[Date "2017.03.25"]
[Round "9"]
[White "rugsy"]
[Black "evorg"]
[Result "0-1"]
[ICCResult "White resigns"]
[WhiteElo "1362"]
[BlackElo "1507"]
[Opening "Latvian counter-gambit"]
[ECO "C40"]
[NIC "KP.09"]
[Time "15:44:41"]
[TimeControl "180+0"]

1. e4 e5 2. Nf3 f5 3. Nxe5 Qf6 4. d4 d6 5. Nf3 fxe4 6. Qe2 d5 7. Bg5 Qe6 8.
Ne5 Nf6 9. Bxf6 Qxf6 10. Qb5+ c6 11. Qb3 Bd6 12. f4 exf3 13. Nxf3 Qe6+ 14.
Be2 O-O 15. Qd3 Qe7 16. Nc3 Bf5 17. Qd2 Nd7 18. O-O-O Rae8 19. Qg5 Qf7 20.
Rhf1 Bg6 21. Ne5 Qe7 22. Nxd7 Qxg5+ 23. Kb1 Rxf1 24. Rxf1 Bf5 {White
resigns} 0-1

[Event "ICCopen2017"]
[Site "Internet Chess Club"]
[Date "2017.03.25"]
[Round "9"]
[White "quixotic"]
[Black "schastlivchik"]
[Result "1-0"]
[ICCResult "Black checkmated"]
[WhiteElo "1566"]
[BlackElo "1773"]
[Opening "QGD semi-Slav: 5.Bg5 dc"]
[ECO "D44"]
[NIC "QO.16"]
[Time "15:44:31"]
[TimeControl "180+0"]

1. d4 Nf6 2. c4 e6 3. Nc3 d5 4. Nf3 c6 5. Bg5 dxc4 6. a4 b5 7. axb5 cxb5 8.
Nxb5 Qb6 9. Nc3 Qxb2 10. Rc1 Bb4 11. Bd2 Nd5 12. Nxd5 exd5 13. Bxb4 Qxb4+
14. Qd2 Nc6 15. e3 Qxd2+ 16. Nxd2 Bf5 17. f3 O-O 18. Be2 Rfe8 19. Kf2 Bg6
20. g4 a5 21. h4 h6 22. f4 f6 23. Bf3 Nb4 24. Ke2 Bd3+ 25. Kf2 Red8 26. g5
a4 27. Ra1 a3 28. gxh6 gxh6 29. Rhg1+ Kf8 30. Bh5 a2 31. Rg7 Nc2 32. Rag1
a1=Q 33. Rf7+ Ke8 34. Rg8# {Black checkmated} 1-0

[Event "ICCopen2017"]
[Site "Internet Chess Club"]
[Date "2017.03.25"]
[Round "9"]
[White "krankenstein"]
[Black "sloeber84"]
[Result "0-1"]
[ICCResult "White resigns"]
[WhiteElo "1261"]
[BlackElo "1921"]
[Opening "Old Benoni defense"]
[ECO "A43"]
[NIC "OI.09"]
[Time "15:44:42"]
[TimeControl "180+0"]

1. d4 c5 2. e3 e6 3. h3 b6 4. Nf3 Bb7 5. Nc3 Nf6 6. a3 cxd4 7. exd4 d6 8.
Be2 Be7 9. O-O O-O 10. Be3 Nbd7 11. b4 Rc8 12. Qe1 Re8 13. Na2 Rxc2 14. Bd3
Rc8 15. Rc1 Bxf3 16. gxf3 Nf8 17. Rxc8 Qxc8 18. Bb5 Rd8 19. Qd2 Qa8 20. Be2
Nd5 21. Rc1 Rc8 22. Bf4 Ng6 23. Bg3 h5 24. Rxc8+ Qxc8 25. b5 h4 26. Bh2 f5
27. Nb4 Nxb4 28. axb4 Qd7 29. f4 Bf6 30. Qe3 Qc7 31. Bh5 Nf8 32. Kg2 Qc4 33.
Be2 Qxb4 34. Kf3 Qxd4 35. Qxd4 Bxd4 36. Bc4 Kf7 37. Ke2 Kf6 38. Bg1 Nd7 39.
Kf1 e5 40. f3 Bxg1 41. fxe5+ Nxe5 42. Bd5 Bc5 43. Ke2 g5 {White resigns} 0-1

[Event "ICCopen2017"]
[Site "Internet Chess Club"]
[Date "2017.03.25"]
[Round "9"]
[White "toll"]
[Black "vicmel"]
[Result "1-0"]
[ICCResult "Black checkmated"]
[WhiteElo "1691"]
[BlackElo "1794"]
[Opening "Polish (Sokolsky) opening"]
[ECO "A00"]
[NIC "VO.10"]
[Time "15:44:10"]
[TimeControl "180+0"]

1. b4 e5 2. Bb2 Bxb4 3. f4 d6 4. Nf3 Nc6 5. fxe5 dxe5 6. Nxe5 Nxe5 7. Bxe5
Nf6 8. e3 O-O 9. Be2 Qe7 10. Bb2 Bd6 11. O-O Be5 12. Nc3 Rd8 13. Rb1 Be6 14.
Bf3 c6 15. Ne4 Bxa2 16. Nxf6+ Bxf6 17. Bxf6 Qxf6 18. Bd5 Bxd5 19. Rxf6 gxf6
20. Qg4+ Kh8 21. Rxb7 Rg8 22. Qf5 Rxg2+ 23. Kf1 Rag8 24. Qxf6+ R2g7 25. e4
Bxe4 26. Rxf7 Bd5 27. Rxa7 c5 28. h4 Be4 29. d3 Bg6 30. Kf2 Bh5 31. Ke3 Bg6
32. Kf4 c4 33. dxc4 Bxc2 34. h5 h6 35. Qxh6+ Bh7 36. Qf6 Bd3 37. h6 Bxc4 38.
hxg7+ Kh7 39. Qf5+ Kh6 40. Qg5+ Kh7 41. Qh5# {Black checkmated} 1-0

[Event "ICCopen2017"]
[Site "Internet Chess Club"]
[Date "2017.03.25"]
[Round "9"]
[White "oli2"]
[Black "mkayem1"]
[Result "0-1"]
[ICCResult "White resigns"]
[WhiteElo "1697"]
[BlackElo "2050"]
[Opening "Scandinavian: Pytel-Wade variation"]
[ECO "B01"]
[NIC "SD.02"]
[Time "15:45:05"]
[TimeControl "180+0"]

1. e4 d5 2. exd5 Qxd5 3. Nc3 Qd6 4. d4 Nf6 5. Nf3 a6 6. g3 Nbd7 7. Bg2 e6 8.
O-O Be7 9. Bf4 Qb6 10. Na4 Qa7 11. c4 O-O 12. Nc3 Qb6 13. Na4 Qa7 14. Bxc7
b5 15. Bf4 bxa4 16. Ne5 Bb7 17. Nc6 Bxc6 18. Bxc6 Rac8 19. Bxa4 Rxc4 20. Be3
Nd5 21. Bb3 Rc7 22. Qf3 N7f6 23. Rad1 Rfc8 24. h4 a5 25. Rd2 a4 26. Bd1 Nxe3
27. fxe3 Bd6 28. h5 h6 29. g4 Qa5 30. Rff2 Qg5 31. Kg2 Nxh5 32. Bxa4 Nf6 33.
Bd1 Qh4 34. Qh3 Qxh3+ 35. Kxh3 Ne4 36. a4 Nxf2+ 37. Rxf2 Rc1 38. Bb3 Rb8 39.
Rc2 Rh1+ {White resigns} 0-1

[Event "ICCopen2017"]
[Site "Internet Chess Club"]
[Date "2017.03.25"]
[Round "9"]
[White "BUHO64"]
[Black "Kusox"]
[Result "0-1"]
[ICCResult "White resigns"]
[WhiteElo "2011"]
[BlackElo "2188"]
[Opening "Sicilian: Najdorf, 7...Be7 main line"]
[ECO "B99"]
[NIC "SI.09"]
[Time "15:44:31"]
[TimeControl "180+0"]

1. e4 c5 2. Nf3 d6 3. d4 cxd4 4. Nxd4 Nf6 5. Nc3 a6 6. Bg5 e6 7. f4 Be7 8.
Qf3 Qc7 9. O-O-O Nbd7 10. Bd3 h6 11. Bh4 g5 12. fxg5 Ne5 13. gxf6 Nxf3 14.
gxf3 Bf8 15. Rhg1 Bd7 16. Rg7 Bxg7 17. fxg7 Rg8 18. Bf6 Qc5 19. f4 Qh5 20.
e5 Qxh2 21. Ne4 Qxf4+ 22. Kb1 Bc6 23. Nxd6+ Kd7 24. Nxc6 Kxc6 25. Be4+ Kc7
26. a4 Rad8 27. Rd3 Rxd6 28. exd6+ Kd7 29. Bh7 Qxf6 30. Bxg8 Qxg7 31. Rc3
Qxg8 {White resigns} 0-1

[Event "ICCopen2017"]
[Site "Internet Chess Club"]
[Date "2017.03.25"]
[Round "9"]
[White "waynerooney"]
[Black "DroolingBaby"]
[Result "0-1"]
[ICCResult "White resigns"]
[WhiteElo "1978"]
[BlackElo "2294"]
[Opening "Scotch game"]
[ECO "C45"]
[NIC "SO.05"]
[Time "15:44:42"]
[TimeControl "180+0"]

1. e4 Nc6 2. d4 e5 3. Nf3 exd4 4. Nxd4 Bc5 5. Be3 Qf6 6. c3 Nge7 7. Bc4 O-O
8. O-O Bb6 9. Nd2 Nxd4 10. cxd4 Bxd4 11. e5 Bxe5 12. Ne4 Qc6 13. Bd3 d5 14.
Ng5 h6 15. Bh7+ Kh8 16. Qh5 f6 17. Rac1 Qd7 18. f4 Bxb2 19. Rb1 fxg5 20.
fxg5 Rxf1+ 21. Rxf1 Qe6 22. Rf3 Kxh7 23. gxh6 g6 24. Qh4 Nf5 25. Rxf5 Qxe3+
26. Kf1 Bxf5 {White resigns} 0-1

[Event "ICCopen2017"]
[Site "Internet Chess Club"]
[Date "2017.03.25"]
[Round "9"]
[White "KoolMan"]
[Black "iliketal"]
[Result "0-1"]
[ICCResult "White checkmated"]
[WhiteElo "2007"]
[BlackElo "1719"]
[Opening "Sicilian: Nimzovich-Rossolimo attack (without ...d6)"]
[ECO "B30"]
[NIC "SI.31"]
[Time "15:44:17"]
[TimeControl "180+0"]

1. e4 c5 2. Nf3 Nc6 3. Bb5 Qb6 4. Nc3 e6 5. O-O d6 6. Re1 Bd7 7. a4 Qc7 8.
d4 cxd4 9. Nxd4 Be7 10. Bf4 Nf6 11. Bxc6 bxc6 12. e5 dxe5 13. Bxe5 Qb6 14.
a5 Qxb2 15. Ne4 Nxe4 16. Rxe4 Qb7 17. Rb1 Qa6 18. Bxg7 Rg8 19. Be5 c5 20.
Nf3 Bc6 21. Re3 Rd8 22. Qe1 Qc4 23. Rc3 Qg4 24. Bg3 h5 25. h4 Bxf3 26. Rxf3
Bxh4 27. Rb7 Be7 28. Rf4 Qg5 29. Qe4 h4 30. Qc6+ Kf8 31. Qc7 hxg3 32. fxg3
Re8 33. Rf3 Qc1+ 34. Kh2 Rh8# {White checkmated} 0-1

[Event "ICCopen2017"]
[Site "Internet Chess Club"]
[Date "2017.03.25"]
[Round "9"]
[White "bss2005"]
[Black "veteranrus"]
[Result "1-0"]
[ICCResult "Black forfeits on time"]
[WhiteElo "1791"]
[BlackElo "1787"]
[Opening "Sicilian: Richter-Rauzer"]
[ECO "B60"]
[NIC "SI.27"]
[Time "15:44:09"]
[TimeControl "180+0"]

1. e4 c5 2. Nf3 Nc6 3. d4 cxd4 4. Nxd4 Nf6 5. Nc3 d6 6. Bg5 Qb6 7. Be3 Qxb2
8. Ndb5 Qb4 9. Bd2 Nxe4 10. a3 Nxc3 11. axb4 Nxd1 12. Nc7+ Kd8 13. Nxa8 Nb2
14. Ra2 b6 15. Rxb2 Bb7 16. b5 Ne5 17. Ra2 Bxa8 18. Rxa7 Bd5 19. Be3 Nd7 20.
c4 Be6 21. Rb7 Kc8 22. Ra7 Kb8 23. Ra6 Kb7 24. Be2 g6 25. Bf3+ d5 26. cxd5
Ne5 27. dxe6+ Nxf3+ 28. gxf3 fxe6 29. Rxb6+ Kc7 30. Rxe6 Kd7 31. Rc6 e6 32.
Ke2 Bd6 33. Rd1 Ke7 34. Rdxd6 {Black forfeits on time} 1-0

[Event "ICCopen2017"]
[Site "Internet Chess Club"]
[Date "2017.03.25"]
[Round "9"]
[White "yachikoham"]
[Black "chesslive"]
[Result "1-0"]
[ICCResult "Black forfeits on time"]
[WhiteElo "1324"]
[BlackElo "1074"]
[Opening "QGD semi-Slav"]
[ECO "D43"]
[NIC "SL.03"]
[Time "15:44:09"]
[TimeControl "180+0"]

1. d4 d5 2. Nf3 Nf6 3. c4 c6 4. Nc3 e6 5. Bg5 Be7 6. e3 Nbd7 7. c5 O-O 8.
Bd3 Ne8 9. Bxe7 Qxe7 10. Bc2 f5 11. Qd3 Ndf6 12. Ne5 Ne4 13. Nxe4 fxe4 14.
Qe2 Nf6 15. O-O-O Nd7 16. f4 a5 17. g4 a4 18. a3 Nxe5 19. dxe5 Qxc5 20. Kb1
b5 21. Rd4 Qe7 22. h4 {Black forfeits on time} 1-0

[Event "ICCopen2017"]
[Site "Internet Chess Club"]
[Date "2017.03.25"]
[Round "9"]
[White "cool64chess"]
[Black "neverend"]
[Result "1-0"]
[ICCResult "Black resigns"]
[WhiteElo "2213"]
[BlackElo "2550"]
[Opening "Grünfeld: exchange, classical variation"]
[ECO "D87"]
[NIC "GI.05"]
[Time "15:44:51"]
[TimeControl "180+0"]

1. d4 Nf6 2. c4 g6 3. Nc3 d5 4. cxd5 Nxd5 5. e4 Nxc3 6. bxc3 Bg7 7. Bc4 c5
8. Ne2 Nc6 9. O-O O-O 10. Be3 Qc7 11. Rc1 b6 12. Bf4 e5 13. Bg3 Bb7 14. d5
Na5 15. Bd3 c4 16. Bb1 Rad8 17. f4 exf4 18. Bxf4 Qc5+ 19. Kh1 Nc6 20. Qd2
Ne5 21. Ng3 Rfe8 22. Bg5 Rd7 23. Bf6 Bxf6 24. Rxf6 Ng4 25. Rf4 Qe3 26. Qxe3
Nxe3 27. h3 f5 28. Rf3 f4 29. Rxf4 Rf8 30. Rxf8+ Kxf8 31. Re1 Nxd5 32. exd5
Bxd5 33. Be4 Re7 34. Rf1+ Bf7 35. Bd5 Kg7 36. Bxf7 Rxf7 37. Rxf7+ Kxf7 38.
Kg1 Ke6 39. Kf2 Ke5 40. Ke3 b5 41. Ne4 a5 42. Nd2 Kd5 43. a3 Kc5 44. Ne4+
Kd5 45. Nf6+ Kc5 46. Nxh7 b4 47. cxb4+ axb4 48. axb4+ Kxb4 49. Kd2 Kb3 50.
Kc1 Kc3 51. Nf8 g5 52. Ne6 Kd3 53. Nxg5 {Black resigns} 1-0

[Event "ICCopen2017"]
[Site "Internet Chess Club"]
[Date "2017.03.25"]
[Round "9"]
[White "Khanzer17"]
[Black "Dinamit"]
[Result "0-1"]
[ICCResult "White checkmated"]
[WhiteElo "1941"]
[BlackElo "2643"]
[Opening "Sicilian: Najdorf"]
[ECO "B90"]
[NIC "SI.14"]
[Time "15:44:45"]
[TimeControl "180+0"]

1. e4 c5 2. Nf3 d6 3. d4 cxd4 4. Nxd4 Nf6 5. Nc3 a6 6. Nb3 Nc6 7. Be3 e6 8.
g4 Be7 9. g5 Nd7 10. h4 b5 11. Bg2 Bb7 12. Qe2 Qc7 13. f4 Nc5 14. O-O-O Rc8
15. Qf2 Nxb3+ 16. axb3 Nb4 17. Bb6 Qb8 18. f5 Ba8 19. Bd4 e5 20. Be3 f6 21.
h5 h6 22. gxh6 gxh6 23. Qg3 Kd7 24. Rhg1 a5 25. Qg7 a4 26. Qf7 axb3 27. Qe6+
Ke8 28. Qxb3 Rc4 29. Bf1 Qc8 30. Bf2 d5 31. Bxc4 dxc4 32. Qa3 Nd3+ 33. cxd3
Bxa3 34. bxa3 cxd3 35. Rxd3 Bxe4 36. Re3 Bxf5 37. Bh4 Kf7 38. Kb2 Rd8 39.
Rg2 Rd4 40. Bf2 b4 41. axb4 Rxb4+ 42. Kc1 Rb1+ 43. Kd2 Qd7+ 44. Ke2 Rb2+ 45.
Kf3 Bh3 46. Rh2 Qf5+ 47. Kg3 Qg4# {White checkmated} 0-1

[Event "ICCopen2017"]
[Site "Internet Chess Club"]
[Date "2017.03.25"]
[Round "9"]
[White "Skeptic1972"]
[Black "LionKing93"]
[Result "0-1"]
[ICCResult "White forfeits on time"]
[WhiteElo "1738"]
[BlackElo "2135"]
[Opening "Sicilian: Canal-Sokolsky attack, 3...Bd7"]
[ECO "B52"]
[NIC "SI.01"]
[Time "15:44:54"]
[TimeControl "180+0"]

1. e4 c5 2. Nf3 d6 3. Bb5+ Bd7 4. Bxd7+ Qxd7 5. O-O Nc6 6. c3 e6 7. d4 cxd4
8. cxd4 Nf6 9. Nc3 d5 10. e5 Ne4 11. Qd3 Nxc3 12. bxc3 Be7 13. h4 h6 14. h5
O-O 15. Nh2 Na5 16. Qg3 Kh8 17. Ng4 Nc4 18. Rb1 b6 19. Bxh6 gxh6 20. Nxh6
Kh7 21. Ng4 Rg8 22. Qf4 Bg5 23. Qxg5 Rxg5 24. Nf6+ Kg7 25. Nxd7 Rxh5 26. Nf6
Rh4 27. g3 Rhh8 28. Rfe1 Rac8 29. Kg2 Rc7 30. Rh1 Rcc8 31. Rxh8 Rxh8 32. Rh1
Rxh1 33. Kxh1 Na3 34. Kg2 Nb5 35. Kf3 Nxc3 36. a3 Nb5 37. a4 Nc3 38. a5 bxa5
39. Ke3 Nb5 40. Nd7 a4 41. Nc5 a3 42. Nb3 a2 43. Kd3 a5 44. Na1 Kg6 45. Nc2
Kf5 46. f3 f6 47. exf6 Kxf6 48. g4 Na3 49. Na1 Kg5 50. Kc3 Nb5+
{White forfeits on time}
0-1

[Event "ICCopen2017"]
[Site "Internet Chess Club"]
[Date "2017.03.25"]
[Round "9"]
[White "marjose"]
[Black "Koval"]
[Result "0-1"]
[ICCResult "White forfeits on time"]
[WhiteElo "1758"]
[BlackElo "1970"]
[Opening "Sicilian"]
[ECO "B50"]
[NIC "SI.01"]
[Time "15:44:25"]
[TimeControl "180+0"]

1. e4 c5 2. Nf3 d6 3. c4 Nc6 4. Nc3 g6 5. d4 cxd4 6. Nxd4 Bg7 7. Be3 Nf6 8.
Be2 O-O 9. O-O a6 10. h3 Bd7 11. f4 Rb8 12. Rc1 b5 13. cxb5 Nxd4 14. Bxd4
axb5 15. e5 dxe5 16. Bxe5 Qb6+ 17. Bd4 Qb7 18. Bf3 Bc6 19. Qe2 Bxf3 20. Qxf3
Qxf3 21. Rxf3 b4 22. Ne2 Nd5 23. Bxg7 Kxg7 24. Nd4 e6 25. a3 bxa3 26. bxa3
Ra8 27. Ra1 Rfd8 28. Nb5 Ra5 29. Nc3 Nb6 30. g4 Rda8 31. Ne2 Nc4 32. Rc3
Nxa3 33. Nd4 Nb5 34. Rxa5 Rxa5 35. Nxb5 Rxb5 36. Kg2 Kf6 37. Kg3 e5 38.
fxe5+ Rxe5 39. Rf3+ Ke6 40. h4 h5 41. gxh5 Rxh5 42. Re3+ Kf6 43. Ra3 Rf5
{White forfeits on time}
0-1

[Event "ICCopen2017"]
[Site "Internet Chess Club"]
[Date "2017.03.25"]
[Round "9"]
[White "playwaycool"]
[Black "Sophiste"]
[Result "0-1"]
[ICCResult "White resigns"]
[WhiteElo "2246"]
[BlackElo "3205"]
[Opening "Trompowsky attack (Ruth, Opocenský opening)"]
[ECO "A45"]
[NIC "QP.07"]
[Time "15:45:26"]
[TimeControl "180+0"]

1. d4 Nf6 2. Bg5 g6 3. Bxf6 exf6 4. e3 Bg7 5. Ne2 O-O 6. h4 c5 7. h5 cxd4 8.
hxg6 dxe3 9. gxf7+ Rxf7 10. fxe3 Qb6 11. Qd3 Qxb2 12. Qxh7+ Kf8 13. Nf4 Qxa1
14. Ng6+ Ke8 15. Qg8+ Bf8 16. Rh8 Qxb1+ 17. Kd2 d5 18. Nxf8 Qb4+ 19. c3 Qxf8
20. Bb5+ Nc6 21. Qg3 Qxh8 22. Qd6 Bd7 23. Qc7 Qg7 24. Qxb7 Qxg2+ 25. Kc1 Rc8
26. Bxc6 Rxc6 27. Qb8+ Rc8 28. Qxa7 Rxc3+ {White resigns} 0-1

[Event "ICCopen2017"]
[Site "Internet Chess Club"]
[Date "2017.03.25"]
[Round "9"]
[White "flinkfinger"]
[Black "searchforbobby1"]
[Result "0-1"]
[ICCResult "White resigns"]
[WhiteElo "2167"]
[BlackElo "1963"]
[Opening "Dutch with c4 & Nc3"]
[ECO "A85"]
[NIC "HD.05"]
[Time "15:44:15"]
[TimeControl "180+0"]

1. c4 f5 2. Nc3 Nf6 3. d4 e6 4. Bg5 d5 5. e3 c6 6. Nf3 Bd6 7. Be2 O-O 8. O-O
Bd7 9. Rb1 Be8 10. b4 Bh5 11. Ne5 Bxe2 12. Qxe2 Nbd7 13. f4 Qc8 14. Nxd7
Qxd7 15. Bxf6 Rxf6 16. c5 Bc7 17. b5 Rff8 18. a4 Rfb8 19. g4 g6 20. Rb3 b6
21. cxb6 Bxb6 22. bxc6 Qxc6 23. Rfb1 Rc8 24. gxf5 gxf5 25. Kh1 Kh8 26. Qh5
Rg8 27. Ne2 Qc2 28. Ng3 Qd2 29. Qf7 Rg6 30. a5 Qxa5 31. R3b2 Qc3 32. Re2
Rag8 33. Qe7 Qd3 34. Rbe1 Bd8 35. Qb4 Bh4 36. Qd2 Qb5 37. Rg2 Bxg3 38. Rxg3
Rxg3 39. hxg3 Rxg3 40. Kh2 Rg6 41. Rc1 Qe8 42. Rg1 Rh6+ 43. Kg2 Qh5 44. Kf1
Qf3+ 45. Ke1 Rh1 46. Rxh1 Qxh1+ 47. Ke2 Qg2+ 48. Kd1 Qxd2+ 49. Kxd2 h5
{White resigns}
0-1

[Event "ICCopen2017"]
[Site "Internet Chess Club"]
[Date "2017.03.25"]
[Round "9"]
[White "alejandrorios"]
[Black "fearlessone"]
[Result "1-0"]
[ICCResult "Black forfeits on time"]
[WhiteElo "1909"]
[BlackElo "1667"]
[Opening "King's pawn opening"]
[ECO "B07"]
[NIC "VO.17"]
[Time "15:44:30"]
[TimeControl "180+0"]

1. e4 d6 2. d4 Nd7 3. Nc3 e6 4. Nf3 Ne7 5. Bd3 g6 6. O-O Bg7 7. Bg5 O-O 8.
Qd2 b6 9. Bh6 a6 10. Bxg7 Kxg7 11. Rfe1 Ng8 12. e5 Bb7 13. Be4 d5 14. Bd3 c5
15. dxc5 bxc5 16. b3 Qc7 17. Qf4 Rac8 18. Nd1 c4 19. Bf1 f6 20. exf6+ Rxf6
21. Qxc7 Rxc7 22. Nd4 Nf8 23. g3 Rcf7 24. f4 Nh6 25. bxc4 Nf5 26. Nxf5+ Rxf5
27. Ne3 R5f6 28. Ng4 Rf5 29. Ne5 Rc7 30. cxd5 Bxd5 31. Bd3 Rf6 32. c4 Bb7
33. Rab1 Nd7 34. Nxd7 Rxd7 35. Bf1 h5 36. Rb6 Bc8 37. Rc6 Bb7 38. Rcxe6 Rf5
39. Rb6 Rc5 40. Ree6 Bf3 41. Rxg6+ Kf7 42. Rh6 Ke7 43. Rh7+ Kd8 44. Rxd7+
Kxd7 45. Rxa6 Kc7 46. Kf2 Bg4 47. Ke3 Bc8 48. Ra3 Be6 49. Kd4 Rc6 50. c5 Bg4
51. Bg2 Re6 52. Ra7+ Kb8 53. Rb7+ Kc8 54. Rg7 Re2 55. Bb7+ Kb8 56. Bd5 Rd2+
57. Ke5 Rb2 58. Bb3 {Black forfeits on time} 1-0

[Event "ICCopen2017"]
[Site "Internet Chess Club"]
[Date "2017.03.25"]
[Round "9"]
[White "mahh"]
[Black "TeddyBear"]
[Result "1/2-1/2"]
[ICCResult "Game drawn by repetition"]
[WhiteElo "1484"]
[BlackElo "1544"]
[Opening "English: Caro-Kann defensive system"]
[ECO "A11"]
[NIC "EO.64"]
[Time "15:44:39"]
[TimeControl "180+0"]

1. c4 c6 2. Nc3 d5 3. e3 e5 4. cxd5 cxd5 5. d4 exd4 6. exd4 Nc6 7. Nf3 Bg4
8. Be2 Nf6 9. O-O a6 10. Bg5 h6 11. Bh4 Be7 12. Bg3 O-O 13. Qd2 Ne4 14. Nxe4
dxe4 15. Ne5 Bxe2 16. Qxe2 Qxd4 17. Rfd1 Qb4 18. Nxc6 bxc6 19. a3 Qa4 20.
Rac1 f5 21. Be5 Bg5 22. Rc4 Qb5 23. Bd6 Rfd8 24. b3 Ra7 25. Bb4 Rad7 26.
Rxd7 Rxd7 27. h3 a5 28. Bc5 Rd2 29. Qh5 Qxb3 30. Qe8+ Kh7 31. Qe6 Rc2 32.
Qxf5+ Kg8 33. Qf8+ Kh7 34. Qf5+ Kg8 35. Qf8+ Kh7 36. Qf5+ Kg8 37. Qf8+
{Game drawn by repetition}
1/2-1/2

[Event "ICCopen2017"]
[Site "Internet Chess Club"]
[Date "2017.03.25"]
[Round "9"]
[White "dhar2603"]
[Black "vishweshk"]
[Result "1-0"]
[ICCResult "Black checkmated"]
[WhiteElo "1814"]
[BlackElo "1673"]
[Opening "English opening: Agincourt variation"]
[ECO "A13"]
[NIC "QP.11"]
[Time "15:45:27"]
[TimeControl "180+0"]

1. Nf3 e6 2. c4 d5 3. b3 c6 4. g3 Nf6 5. Bg2 Be7 6. O-O O-O 7. Bb2 Nbd7 8.
d3 Bd6 9. Nbd2 e5 10. e3 Re8 11. a3 Nf8 12. b4 Bg4 13. h3 Bh5 14. Qc2 Bg6
15. Nh4 Ne6 16. Nxg6 hxg6 17. cxd5 cxd5 18. Qb3 e4 19. dxe4 dxe4 20. Bxf6
Qxf6 21. Nxe4 Qe7 22. Nxd6 Qxd6 23. Bxb7 Rad8 24. Bg2 Ng5 25. Rad1 Qe5 26.
Rxd8 Rxd8 27. f4 Qb8 28. fxg5 Qxg3 29. Qxf7+ Kh7 30. Qf4 Qxf4 31. exf4 Rd3
32. Rf3 Rd1+ 33. Kh2 a5 34. bxa5 Rd5 35. a4 Rxa5 36. Ra3 Ra8 37. Bxa8 Kg8
38. a5 Kf8 39. a6 Kg8 40. a7 Kh8 41. Bc6 Kh7 42. Bd5 Kh8 43. a8=Q+ Kh7 44.
Qg8# {Black checkmated} 1-0

[Event "ICCopen2017"]
[Site "Internet Chess Club"]
[Date "2017.03.25"]
[Round "9"]
[White "kutittaja"]
[Black "Kjaan1974"]
[Result "1-0"]
[ICCResult "Black resigns"]
[WhiteElo "1691"]
[BlackElo "1398"]
[Opening "Modern defense: Averbakh system"]
[ECO "A10"]
[NIC "KF.04"]
[Time "15:44:08"]
[TimeControl "180+0"]

1. c4 g6 2. Nc3 Bg7 3. d4 d6 4. e4 e6 5. f3 Ne7 6. Bd3 O-O 7. Nge2 a6 8. Be3
c6 9. O-O Nd7 10. Qd2 b5 11. b3 Nb6 12. Rad1 bxc4 13. bxc4 d5 14. cxd5 exd5
15. e5 f5 16. f4 Be6 17. Rc1 a5 18. Rc2 a4 19. Rb1 Nc4 20. Bxc4 dxc4 21. Nd1
Bd5 22. Bf2 Rb8 23. Rxb8 Qxb8 24. Ne3 Qb1+ 25. Rc1 Qb5 26. Nc3 Qa5 27. Qc2
Rb8 28. Be1 Qc7 29. Qxa4 h6 30. Nxc4 Bxc4 31. Qxc4+ Kh7 32. d5 Rb2 33. d6
Qb6+ 34. Kh1 Nd5 35. Nxd5 cxd5 36. Qxd5 Qe3 37. Rd1 Re2 38. Bg3 h5 39. d7
Bxe5 40. d8=Q Bxf4 41. Q5g8+ {Black resigns} 1-0

[Event "ICCopen2017"]
[Site "Internet Chess Club"]
[Date "2017.03.25"]
[Round "9"]
[White "alekhsay"]
[Black "sanguine"]
[Result "0-1"]
[ICCResult "White forfeits on time"]
[WhiteElo "913"]
[BlackElo "1018"]
[Opening "KP: Lopez opening"]
[ECO "C20"]
[NIC "KP.10"]
[Time "15:45:23"]
[TimeControl "180+0"]

1. e4 e5 2. c3 Bc5 3. Nf3 Nf6 4. Qc2 O-O 5. d4 exd4 6. cxd4 Bb4+ 7. Bd2
Bxd2+ 8. Nbxd2 Re8 9. e5 Nd5 10. Bd3 f5 11. Bxf5 Nf4 12. Bxh7+ Kh8 13. O-O
Ne2+ 14. Kh1 d5 15. Rfe1 Nf4 16. Nh4 Qxh4 17. Nf3 Qg4 18. g3 Qh3 19. gxf4
Qxf3+ 20. Kg1 Bh3 21. Qg6 Nd7 22. e6 Nf6 23. Qxe8+ Rxe8 {White forfeits on
time} 0-1